Map: 2000 Atmospheres LE

Players

A.I. 1 (Easy) - Winner!

  • Race: Zerg Zerg

SteazyD

  • Race: Terran Terran

VOD

Have the link to the VOD?

Description

Time

  • Played on: April 23, 2021, 2:28 a.m.
  • Length: 2:06
Show
View Real Time Build Order
Export as new Build Order

A.I. 1 (Easy) Zerg - Winner!

Build Orders: Pool Only 

Get SALT Encoding   

  12  0:00  Drone  
  13  0:12  Overlord  
  13  0:16  Drone  
  14  0:30  Drone  
  14  0:35  Drone  
  16  0:43  Spawning Pool  
  16  0:44  Extractor  
  16  0:46  Drone  
  15  0:50  Drone  
  16  0:57  Overlord  
  16  1:30  Zergling x2  
  19  1:33  Roach Warren  
  19  1:34  Drone  
  19  1:35  Extractor  
  18  1:41  Drone  
  19  1:54  Drone  
Show
View Real Time Build Order
Export as new Build Order

SteazyD Terran 

Build Orders:  

Get SALT Encoding   

  12  0:00  SCV  
  13  0:12  SCV  
  14  0:20  Supply Depot  
  14  0:24  SCV  
  15  0:41  SCV  
  16  0:46  Barracks  
  16  0:54  SCV  
  17  1:05  Refinery  
  17  1:06  SCV  
  18  1:18  SCV  
  19  1:30  SCV  
  20  1:42  SCV  
  21  1:49  Supply Depot  
Tags
 
Add a new tag
Caveats
  • Supply blocks, unpowered buildings, or Contaminate may cause inaccurate times.
  • Supply counts are checked every 10 seconds.